 Dungeon Crawl Stone Soup version 0.23-a0-808-gd21de94 (webtiles) character file.

20 tidbits the Fighter (level 2, -2/33 HPs)
             Began as a Gnoll Wanderer on Jan 20, 2019.
             Slain by Sigmund
             ... wielding a +0 scythe
              (11 damage)
             ... on level 2 of the Dungeon.
             The game lasted 00:03:19 (279 turns).

tidbits the Fighter (Gnoll Wanderer)                 Turns: 279, Time: 00:03:20

Health: -2/33      AC:  5    Str: 14 (15) XL:     2   Next: 79%
Magic:  0/3        EV: 11    Int:  9 (11) God:
Gold:   0          SH:  0    Dex: 14 (16) Spells: 2/2 levels left

rFire    + . .     SeeInvis .   a - +2 spear
rCold    + . .     Gourm    .   (no shield)
rNeg     . . .     Faith    .   B - +0 ring mail
rPois    +         Spirit   +   (no helmet)
rElec    +         Reflect  .   (no cloak)
rCorr    +         Harm     .   (no gloves)
MR       .....                  (no boots)
Stlth    +.........             i - amulet of guardian spirit
HPRegen  0.11/turn              (no ring)
MPRegen  0.08/turn              (no ring)

@: resistant, hasted, very quick
A: distributed training, fangs 1, strong nose
a: no special abilities


You were on level 2 of the Dungeon.
You were full.

You visited 1 branch of the dungeon, and saw 2 of its levels.

Inventory:

Hand Weapons
 a - a +2 spear (weapon)
 b - a +0 falchion
Missiles
 d - 5 tomahawks (quivered)
Armour
 f - a +0 robe
 B - a +0 ring mail (worn)
Jewellery
 i - an amulet of guardian spirit (around neck)
   (You found it on level 1 of the Dungeon)
Scrolls
 e - 2 scrolls of identify {unknown}
 t - a scroll of teleportation
Potions
 j - a potion of degeneration
Comestibles
 c - a ration


   Skills:
 + Level 8.5 Fighting
 + Level 0.5 Short Blades
 + Level 0.5 Long Blades
 + Level 0.5 Axes
 + Level 0.5 Maces & Flails
 + Level 2.5 Polearms
 + Level 0.5 Staves
 + Level 0.5 Slings
 + Level 0.5 Bows
 + Level 0.5 Crossbows
 + Level 2.5 Throwing
 + Level 2.5 Armour
 + Level 2.5 Dodging
 + Level 2.3 Stealth
 + Level 0.5 Shields
 + Level 0.5 Unarmed Combat
 + Level 0.5 Spellcasting
 + Level 0.3 Conjurations
 + Level 0.3 Hexes
 + Level 0.3 Charms
 + Level 0.3 Summonings
 + Level 0.3 Necromancy
 + Level 0.3 Translocations
 + Level 0.3 Transmutations
 + Level 0.3 Fire Magic
 + Level 0.3 Ice Magic
 + Level 0.3 Air Magic
 + Level 0.3 Earth Magic
 + Level 0.3 Poison Magic
 + Level 0.6 Invocations
 + Level 2.5 Evocations


You had 2 spell levels left.
You didn't know any spells.
Your spell library was empty.

Dungeon Overview and Level Annotations

Branches:
Dungeon (2/15)

Altars:

Annotations:
D:2 Sigmund


Innate Abilities, Weirdness & Mutations

Your experience applies equally to all skills.
You have very sharp teeth.
Your uncanny sense of smell can sniff out nearby items.


Message History

Unknown command.
Found a stone staircase leading down.
There is an open door here.
There is a stone staircase leading down here.
You climb downwards.
A frilled lizard and a rat come into view.
Found an escape hatch in the ceiling.
There is a stone staircase leading up here.
Unknown command.
The frilled lizard hisses angrily.
There is an escape hatch in the ceiling here.
Attack whom?
Press: ? - help, Dir - move target cursor, f - rat
Aim: a rat (resting)
You reach to attack!
The helpless rat fails to defend itself.
You puncture the rat!
You kill the rat!
A giant cockroach comes into view.
Found a trident.
Unknown command.
Unknown command.
You hit the frilled lizard.
You kill the frilled lizard!
Attack whom?
Press: ? - help, Dir - move target cursor, f - giant cockroach
Aim: a giant cockroach You reach to attack!
You puncture the giant cockroach!
You kill the giant cockroach!
Found a stone staircase leading down.
Sigmund the Dreaded comes into view.
He is wielding a +0 scythe.
Unknown command.
Okay, then.
It was a potion of degeneration.
There was something very wrong with that liquid.
You feel weakened.
You feel dopey.
You feel clumsy.
It was a potion of haste.
You feel yourself speed up.
Unknown command.
You hit Sigmund but do no damage. Sigmund misses you.
You closely miss Sigmund.
Press: ? - help, v - describe, . - travel
Here: Sigmund, wielding a +0 scythe and wearing a +0 robe The floor.
Unknown command.
You hit Sigmund.
Sigmund is lightly wounded.
Sigmund points at you and mumbles some strange words.
The puff of flame misses you.
You closely miss Sigmund.
Sigmund is lightly wounded.
You closely miss Sigmund.
Sigmund is lightly wounded.
Sigmund casts a spell at you. The magic dart hits you!
You puncture Sigmund!
Sigmund is moderately wounded.
Sigmund says, "I'm your fate."
Sigmund points at you and mumbles some strange words.
You are confused.
It was a potion of resistance.
You feel protected.
You closely miss Sigmund.
Sigmund is moderately wounded.
Sigmund barely misses you.
You closely miss Sigmund. You bite Sigmund.
Sigmund is moderately wounded.
You hit Sigmund.
Sigmund is heavily wounded.
Sigmund casts a spell at you. The magic dart hits you!
You're too confused to move!
You closely miss Sigmund. You bite Sigmund, but do no damage.
Sigmund is heavily wounded.
Sigmund misses you.
You miss Sigmund.
Sigmund is heavily wounded.
You hit Sigmund.
Sigmund is severely wounded.
Sigmund flickers, as though insubstantial.
Sigmund gestures wildly while chanting.
Sigmund flickers and vanishes!
You bump into the rock wall.
You feel less confused.
You hear some strange, mumbled words.
A puff of flame appears from out of thin air!
The puff of flame hits you! You resist. Something hits you!
* * * LOW HITPOINT WARNING * * *
Unknown command.
You miss something.
Unknown command.
You hit something. You closely miss something. You bite something.
Something hits you.
* * * LOW HITPOINT WARNING * * *
Okay, then.
You closely miss something. You closely miss something. You bite something.
Something hits you!
You die...

##### #.... ###
...... )..>
..@.###.# #
#.....#
##.#####{#.#####
+......@.......#
##...........###
+...........†##
###...........#
#...........#
#......†..<.#
#..........<#
#..........##
#..........#


There were no monsters in sight!

Vanquished Creatures
  2 dart slugs (D:1)
  A giant cockroach (D:2)
  A goblin (D:1)
  4 jackals (D:1)
  2 bats (D:1)
  A frilled lizard (D:2)
  A kobold (D:1)
  5 rats
17 creatures vanquished.

Notes
Turn   | Place    | Note
-------+----------+-------------------------------------------
     0 | D:1      | tidbits the Gnoll Wanderer began the quest for the Orb.
     0 | D:1      | tidbits set off with the following items: a +2 spear, a +0
                  | falchion, a scroll of teleportation, a +0 robe, a ration
     0 | D:1      | Reached XP level 1. HP: 26/26 MP: 2/2
    48 | D:1      | Reached XP level 2. HP: 29/33 MP: 3/3
   254 | D:2      | Noticed Sigmund
   279 | D:2      | Slain by Sigmund

Vault maps used:
D:1:      shiori_arrival_elements, serial_bayou_pond_d, minmay_pentomino_w2
D:2:      evilmike_ruin_ashenzari, uniq_sigmund

Action                   || total
-------------------------++-------
Melee: Spear             ||    48
       Bite              ||     8
Throw: Tomahawk          ||     9
  Use: Potion            ||     3
 Stab: Sleeping          ||     3
  Eat: Ration            ||     1
Armor: Robe              ||     6
       Ring mail         ||     3
Dodge: Dodged            ||    16

Table legend:
 A = Non-vault XP
 B = Vault XP
 C = Vault XP percentage of total XP
 D = Non-vault monster count
 E = Vault monster count
 F = Vault count percentage of total count
                 A         B        C        D         E       F
            +---------+---------+-------+---------+---------+-------
      Total |      28 |       1 |   3.4 |      16 |       1 |   5.9
            +---------+---------+-------+---------+---------+-------
        D:1 |      24 |       1 |   4.0 |      13 |       1 |   7.1
        D:2 |       4 |       0 |   0.0 |       3 |       0 |   0.0
            +---------+---------+-------+---------+---------+-------

Table legend:
 A = Turns spent in this place as a percentage of turns spent in the entire game.
 B = Non-inter-level travel turns spent in this place as a percentage of non-inter-level travel turns spent in the entire game.
 C = Inter-level travel turns spent in this place as a percentage of turns spent in this place.
 D = Turns resting spent in this place as a percentage of non-inter-level travel turns spent in this place.
 E = Turns spent auto-exploring this place as a percentage of non-inter-level travel turns spent in this place.
 F = Non-inter-level travel turns spent in this place divided by the number of levels of this place that you've seen.
                   A       B       C       D       E      F
               +-------+-------+-------+-------+-------+----------------------
         Total | 100.0 | 100.0 |   0.0 |   0.0 |   0.0 | 139.5
       Dungeon | 100.0 | 100.0 |   0.0 |   0.0 |   0.0 | 139.5
               +-------+-------+-------+-------+-------+----------------------

Table legend:
 A = Kills in this place as a percentage of kills in entire the game.
 B = Kills by you in this place as a percentage of kills by you in the entire game.
 C = Kills by friends in this place as a percentage of kills by friends in the entire game.
 D = Other kills in this place as a percentage of other kills in the entire game.
 E = Experience gained in this place as a percentage of experience gained in the entire game.
 F = Experience gained in this place divided by the number of levels of this place that you have seen.
                   A       B       C       D       E      F
               +-------+-------+-------+-------+-------+----------------------
         Total | 100.0 | 100.0 |   N/A |   N/A | 100.0 |  14.5
       Dungeon | 100.0 | 100.0 |   N/A |   N/A | 100.0 |  14.5
               +-------+-------+-------+-------+-------+----------------------

Vault maps used:
D:1:      shiori_arrival_elements, serial_bayou_pond_d, minmay_pentomino_w2
D:2:      evilmike_ruin_ashenzari, uniq_sigmund
